 Dungeon Crawl Stone Soup version 0.19-a0-61-g4dc4c6e (webtiles) character file.

52 Zhenya25pyc the Shield-Bearer (level 3, -7/23 HPs)
             Began as a Gargoyle Fighter on May 9, 2016.
             Mangled by Sigmund
             ... wielding a +7 vampiric scythe
              (12 damage)
             ... on level 2 of the Dungeon.
             The game lasted 00:02:41 (1411 turns).

Zhenya25pyc the Shield-Bearer (Gargoyle Fighter)    Turns: 1411, Time: 00:02:42

Health: -7/23      AC: 11    Str: 20    XL:     3   Next: 85%
Magic:  3/3        EV:  7    Int:  8    God:
Gold:   36         SH:  9    Dex:  9    Spells: 0 memorised, 2 levels left

rFire  . . .     SeeInvis .     a - +0 flail
rCold  . . .     Gourm    .     b - +0 scale mail
rNeg   + . .     Faith    .     c - +0 shield
rPois  ∞         Spirit   .     (no helmet)
rElec  +         Dismiss  .     j - +0 cloak
rCorr  .         Reflect  .     (no gloves)
SustAt .         Harm     .     (no boots)
MR     .....                    (no amulet)
Stlth  ..........               (no ring)
                                (no ring)

@: not resistant to hostile enchantments, extremely unstealthy
A: negative energy resistance 1, electricity resistance, unbreathing,
petrification resistance, rot immunity, AC +3
a: no special abilities


You were on level 2 of the Dungeon.
You were not hungry.

You visited 1 branch of the dungeon, and saw 2 of its levels.

You collected 36 gold pieces.

Inventory:

Hand Weapons
 a - a +0 flail (weapon)
Armour
 b - a +0 scale mail (worn)
 c - a +0 shield (worn)
 j - a +0 cloak (worn)
Scrolls
 e - 2 scrolls of noise {unknown}
 g - 2 scrolls of identify {unknown}
 l - a scroll of teleportation {unknown}
Potions
 d - a potion of might
 h - a potion of agility {unknown}
 k - a potion of ambrosia {unknown}
 m - a potion of curing {unknown}
Comestibles
 f - a bread ration
 i - a meat ration


   Skills:
 + Level 3.4 Fighting
 * Level 3.1 Maces & Flails
 + Level 3.5 Armour
 + Level 3.9 Shields


You had 2 spell levels left.
You didn't know any spells.

Dungeon Overview and Level Annotations

Branches:
Dungeon (2/15)

Altars:

Annotations:
D:2 Sigmund


Innate Abilities, Weirdness & Mutations

You are resistant to torment.
Your stone body is resilient (AC +3).
You are immune to poison.
You resist negative energy.
You are resistant to electric shocks.
You can survive without breathing.
You are immune to petrification.
You are immune to rotting.


Message History

You are too injured to fight recklessly!
You are too injured to fight recklessly!
You are too injured to fight recklessly!
You are too injured to fight recklessly!
You are too injured to fight recklessly!
You are too injured to fight recklessly!
You are too injured to fight recklessly!
You are too injured to fight recklessly!
You are too injured to fight recklessly!
You are too injured to fight recklessly!
You are too injured to fight recklessly!
You are too injured to fight recklessly!
You are too injured to fight recklessly!
You are too injured to fight recklessly!
You are too injured to fight recklessly!
Your shield and scale mail prevent you from hitting the jackal.
The jackal bites you but does no damage.
Sigmund hits you from afar with a vampiric scythe!
Ouch! That really hurt!
You die...

..# #.# #.# #.#### #.#.. . #
#.#.# #
....#.########.#[###.###
.....@h@...............>
....#h########.##.###### # #
####....... #.######
##########################.#
..#.#.#.#.#.#.#.#.#†#.#.#..#
.#.#.#.#.#.#.#.#.#.#.#.#.#.#
..###.###)###.###.###.###..#
.#.#.#.#.#.#.#.#.#.#.#.# #.#


You could see Sigmund and 2 jackals.

Vanquished Creatures
  An adder (D:2)
  An ooze (D:1)
  2 dart slugs
  A giant cockroach (D:1)
  2 hobgoblins (D:1)
  4 jackals
  A ball python (D:1)
  7 bats
  A giant newt (D:2)
  5 goblins
  8 kobolds
  4 rats
37 creatures vanquished.

Notes
Turn   | Place    | Note
--------------------------------------------------------------
     0 | D:1      | Zhenya25pyc the Gargoyle Fighter began the quest for the Orb.
     0 | D:1      | Reached XP level 1. HP: 14/14 MP: 1/1
    52 | D:1      | Reached XP level 2. HP: 8/19 MP: 2/2
   532 | D:1      | Reached XP level 3. HP: 23/23 MP: 3/3
  1401 | D:2      | Noticed Sigmund
  1411 | D:2      | Mangled by Sigmund

Vault maps used:
D:1:      eino_arrival_tree_alley, wad_floor_pattern_untrapped,
          minmay_misc_feat_rows, minmay_misc_feat_columns
D:2:      roderic_roman_lattice, nemelex_deck, uniq_sigmund

Skill      XL: |  1  2  3 |
---------------+----------+-----
Maces & Flails | 3 |  3.1
Fighting       | |  3.4
Armour         | |  3.5
Shields        | |  3.9

Action                   || total
-------------------------++-------
Melee: Flail             ||   179
  Eat: Chunk             ||     2
Armor: Scale mail        ||   157
Dodge: Dodged            ||    78
Block: Shield            ||   120
